 Dungeon Crawl Stone Soup version 0.24.0-125-gc4c63601f3 (webtiles) character file.

Game seed: 4338138997731629473, levelgen mode: deterministic

450 Amplified the Ducker (level 7, -3/35 HPs)
             Began as a Vine Stalker Air Elementalist on Mar 4, 2020.
             Was a Follower of Makhleb.
             Slain by an ogre
             ... wielding a +0 giant club
              (6 damage)
             ... on level 6 of the Dungeon.
             The game lasted 00:05:39 (3581 turns).

Amplified the Ducker (VSAE)                         Turns: 3581, Time: 00:05:39

Health: -3/35      AC:  9    Str: 12    XL:     7   Next: 4%
Magic:  0/11       EV: 10    Int: 15    God:    Makhleb [*.....]
Gold:   218        SH:  4    Dex: 15    Spells: 8/10 levels left

rFire    . . .     SeeInvis .   j - +0 trident
rCold    . . .     Gourm    .   (no shield)
rNeg     . . .     Faith    .   g - +1 scale mail
rPois    .         Spirit   +   (no helmet)
rElec    .         Reflect  +   (no cloak)
rCorr    .         Harm     .   i - +1 pair of gloves
MR       .....                  (no boots)
Stlth    +.........             e - +4 amulet of reflection
HPRegen  0.51/turn              (no ring)
MPRegen  0.12/turn              (no ring)

@: lethally poisoned (-3 -> -3)
A: fangs 2, regeneration 1, magic shield, antimagic bite, no potion heal 3, rot
immunity
a: Renounce Religion


You were on level 6 of the Dungeon.
You worshipped Makhleb.
Makhleb was aware of your devotion.
You were very hungry.

You visited 1 branch of the dungeon, and saw 6 of its levels.

You collected 218 gold pieces.

Inventory:

Hand Weapons
 j - a +0 trident (weapon)
Missiles
 b - 44 sling bullets
Armour
 a - a +0 robe
 g - a +1 scale mail (worn)
 i - a +1 pair of gloves (worn)
Jewellery
 e - a +4 amulet of reflection (around neck)
Wands
 k - a wand of random effects (5)
Scrolls
 f - 3 scrolls of remove curse
Comestibles
 c - 7 rations


   Skills:
 * Level 2.6 Fighting
 * Level 2.8 Polearms
 * Level 2.4 Armour
 * Level 3.1 Dodging
 - Level 2.4 Stealth
 - Level 2.1 Spellcasting
   Level 1.0 Conjurations
 - Level 3.0 Air Magic
 * Level 2.2 Invocations


You had 8 spell levels left.
You knew the following spells:

 Your Spells              Type           Power        Failure   Level  Hunger
a - Swiftness             Chrm/Air       #.......     65%         2    ###....

Your spell library contained the following spells:

 Spells                   Type           Power        Failure   Level  Hunger
 Shock                    Conj/Air       #...         43%         1    #......
 Static Discharge         Conj/Air       #.......     82%         3    ###....
 Airstrike                Air            ##........   97%         4    #####..
 Lightning Bolt           Conj/Air       #.........   100%        5    ######.


Dungeon Overview and Level Annotations

Branches:
Dungeon (6/15)
 Temple: D:4-7

Altars:
Fedhas
Makhleb
Ru
Wu Jian
Xom
Zin

Shops:
D:6 (

Annotations:
D:4 Menkaure
D:6 Grinder


Innate Abilities, Weirdness & Mutations

You have extremely sharp teeth.
Your natural rate of healing is unusually fast.
When hurt, damage is shared between your health and your magic reserves.
Your bite disrupts and absorbs the magic of your enemies.
Potions cannot restore your health.
You are immune to rotting.


Message History

The adder barely misses you.
Your scale mail prevents you from hitting the quokka skeleton.
Your bite misses the quokka skeleton.
You feel sick.
The giant cockroach bites you but does no damage.
Grinder gestures at you. You resist with some effort. The adder bites you.
You are more poisoned.
The adder poisons you!
The quokka skeleton bites you but does no damage.
The giant cockroach bites you.
* * * LOW HITPOINT WARNING * * *
The quokka skeleton barely misses you. The giant cockroach bites you.
The adder barely misses you.
You feel sick. The quokka skeleton bites you.
* * * LOW HITPOINT WARNING * * *
Grinder says, "You look like you could use a good racking."
Grinder blinks!
You block the ogre's attack.
You feel sick. The quokka skeleton closely misses you.
The ogre hits you with a +0 giant club!
You die...

#### ...## ....#
....# ....#
...################
###......#..#...@S##
.....#§......5..ZO.#
.s...#...........s.#
.....#.............#
....##...##........#
....#######.......§#
....+ ..........#
...)# .##.......##
#.......#


You could see Grinder, an ogre, an adder, a giant cockroach and a quokka
skeleton.

Vanquished Creatures
  A scorpion (D:4)
  A crimson imp (D:4)
  An orc priest (D:3)
  An orc wizard (D:5)
  Terence (D:3)
  3 worker ants
  4 gnolls (D:3)
  6 adders
  An ooze (D:3)
  A worm (D:2)
  2 dart slugs (D:2)
  A leopard gecko (D:3)
  11 orcs
  10 bats
  2 giant cockroaches
  6 hobgoblins
  8 jackals
  4 quokkas
  2 ball pythons
  4 frilled lizards
  12 goblins
  A jackal skeleton (D:5)
  10 kobolds
  A leopard gecko skeleton (D:4)
  9 rats
103 creatures vanquished.

Notes
Turn   | Place    | Note
-------+----------+-------------------------------------------
     0 | D:1      | Amplified the Vine Stalker Air Elementalist began the quest
                  | for the Orb.
     0 | D:1      | Reached XP level 1. HP: 9/9 MP: 4/4
   162 | D:1      | Reached XP level 2. HP: 14/14 MP: 6/6
   875 | D:2      | Reached skill level 1 in Polearms
   875 | D:2      | Reached XP level 3. HP: 10/17 MP: 3/7
   893 | D:2      | Reached skill level 1 in Fighting
  1118 | D:2      | Found a sacrificial altar of Ru.
  1223 | D:2      | Reached skill level 1 in Armour
  1442 | D:2      | Found a burning altar of Makhleb.
  1566 | D:2      | Gained mutation: Your natural rate of healing is unusually
                  | fast. [Vine Stalker growth]
  1566 | D:2      | Reached XP level 4. HP: 20/22 MP: 8/8
  1626 | D:2      | Found a shimmering altar of Xom.
  1812 | D:2      | Noticed a balrug
  1816 | D:2      | Found a glowing silver altar of Zin.
  1816 | D:2      | Noticed an angel
  1880 | D:2      | Became a worshipper of Makhleb the Destroyer
  2237 | D:3      | Learned a level 2 spell: Swiftness
  2354 | D:3      | Reached XP level 5. HP: 23/25 MP: 7/9
  2408 | D:3      | Reached skill level 1 in Invocations
  2712 | D:3      | Noticed Terence
  2728 | D:3      | Killed Terence
  2728 | D:3      | Reached XP level 6. HP: 29/30 MP: 8/10
  2987 | D:4      | Reached * piety under Makhleb
  3090 | D:4      | Found a blossoming altar of Fedhas.
  3243 | D:4      | Noticed Menkaure
  3255 | D:5      | Entered Level 5 of the Dungeon
  3321 | D:5      | Found an ornate altar of the Wu Jian Council.
  3405 | D:5      | Reached XP level 7. HP: 33/35 MP: 8/11
  3537 | D:5      | Noticed Grinder
  3544 | D:6      | Found Qixaqer's Weapon Shop.
  3581 | D:6      | Slain by an ogre

Levels and vault maps discovered:
D:1:      mainiacjoe_arrival_reflecting_pool, layout_basic
D:2:      kennysheep_the_goblin_king, layout_loops_corners,
          grunt_temple_overflow_order_and_chaos_2,
          nicolae_overflow_crystal_walls, xom_butterflies
D:3:      layout_basic, uniq_terence
D:4:      layout_basic, overflow_temple_1_default, first_ration, uniq_eustachio,
          uniq_menkaure
D:5:      layout_basic, old_standard_altar, gammafunk_temple_overflow_claw,
          serial_corexii_hall, corexii_hall_statues_u, corexii_hall_statues_u,
          uniq_grinder
D:6:      layout_gridville, lemuel_doored_altar, serial_shops, shop,
          nicolae_shop_stone

Skill      XL: |  1  2  3  4  5  6 |
---------------+-------------------+-----
Polearms       | 1 2 |  2.8
Dodging        | 2 3 |  3.1
Fighting       | 1 2 |  2.6
Armour         | 1 2 |  2.4
Invocations    | 1 2 |  2.2
Stealth        | |  2.4
Spellcasting   | |  2.1
Conjurations   | |  1.0
Air Magic      | |  3.0

Action                   |  1- 3 |  4- 6 |  7- 9 || total
-------------------------+-------+-------+-------++-------
Melee: Spear             |   138 |   254 |       ||   392
       Bite              |    12 |    48 |     4 ||    64
       Trident           |       |    56 |     9 ||    65
Evoke: Wand              |       |     6 |     5 ||    11
  Use: Scroll            |     5 |     4 |     2 ||    11
       Potion            |     2 |     5 |       ||     7
 Stab: Sleeping          |     2 |       |       ||     2
       Invisible         |     2 |       |       ||     2
  Eat: Chunk             |     2 |     5 |     1 ||     8
Armor: Scale mail        |    37 |    57 |    12 ||   106
       Robe              |     2 |       |       ||     2
       Skin              |       |    45 |       ||    45
Dodge: Dodged            |    44 |    90 |    13 ||   147
Block: Other             |    22 |    55 |     7 ||    84
       Reflection        |     1 |     4 |       ||     5
